 Dungeon Sprint DCSS version 0.32-a0-42-ga30500b4d3 (webtiles) character file.

Game seed: 5073619162886159392

106 MollyMolluskus the Trooper (level 4, -7/36 HPs)
             Began as an Octopode Fighter on Jan 28, 2024.
             Killed from afar by Sigmund (10 damage)
             ... with a magic dart
             ... in the Dungeon (Sprint I: "Red Sonja").
             The game lasted 00:00:54 (90 turns).

MollyMolluskus the Trooper (Octopode Fighter)         Turns: 90, Time: 00:00:54

Health: -7/36      AC:  1    Str: 17    XL:     4   Next: 84%
Magic:  4/4        EV: 14    Int: 10    God:
Gold:   54         SH:  5    Dex: 11    Spells: 3/3 levels left

rFire   . .          .
                       - Unarmed
rCold   . . .        a - +0 buckler
rNeg    . . .        (helmet restricted)
rPois   .            (no amulet)
rElec   .            (no ring)
rCorr   .            (no ring)
SInv    .            (no ring)
Will    .....        (no ring)
Stlth   ++           (no ring)
HPRegen 0.26/turn    (no ring)
MPRegen 0.09/turn    (no ring)
                     (no ring)

%: no teleportation
@: no status effects
A: almost no armour, amphibious, 8 rings, camouflage 1, gelatinous body 1,
(nimble swimmer 1), tentacles
a: no special abilities


You were in the Dungeon.
You visited 1 branch You collected 54 gold pieces.

Inventory:

Armour
 a - a +0 buckler (worn)
Wands
 c - a wand of charming (5)
Scrolls
 h - a scroll of blinking
Potions
 b - a potion of might
 e - a potion of haste
 f - 2 potions of magic


   Skills:
 + Level 5.9 Fighting
 + Level 5.9 Dodging
 + Level 5.7 Shields
 + Level 3.1 Unarmed Combat


You had 3 spell levels left.
You didn't know any spells.
Your spell library was empty.

Dungeon Overview and Level Annotations

Branches:
Dungeon (1/1)

Altars:

Annotations:
D Sigmund


Innate Abilities, Weirdness & Mutations

You cannot wear most types of armour.
You are amphibious.
You can wear up to eight rings at the same time.
Your skin changes colour to match your surroundings (Stealth+).
Your rubbery body absorbs attacks. (AC +1, EV +1)
((You are camouflaged when in or above water. (Stealth+)))
You have tentacles for arms and can constrict up to eight enemies at once.


Message History

Sigmund is heavily wounded.
Sigmund hits you with a +0 scythe.
You bump into the rock wall.
Sigmund misses you.
You miss Sigmund.
Sigmund is heavily wounded.
You miss Sigmund. Your squeeze misses Sigmund.
Sigmund is heavily wounded.
Sigmund closely misses you.
You're too confused to move!
Sigmund barely misses you.
You completely miss Sigmund.
Sigmund is heavily wounded.
You tentacle-slap Sigmund. You squeeze Sigmund.
Sigmund is almost dead.
You feel less confused. Sigmund casts a spell at you.
You are confused.
Unknown command.
Sigmund gestures at you while chanting. The magic dart hits you!
Unknown command.
You bump into the stone wall.
Sigmund barely misses you.
You bump into the stone wall.
Sigmund casts a spell.
Sigmund flickers and vanishes!
Deactivating autopickup; reactivate with Ctrl-A.
Unknown command.
You miss something. Something completely misses you.
You bump into the stone wall.
Something hits you!
* * * LOW HITPOINT WARNING * * *
Okay, then.
You bump into the rock wall.
You feel less confused. Something hits you!
* * * LOW HITPOINT WARNING * * *
Unknown command.
You closely miss something. Your squeeze misses something.
You hear some strange, mumbled words.
A magic dart appears from out of thin air!
The magic dart hits you!
You die...

#############
#<.#..)..#..+
#..)..#..'{@#
#..#####'####
#..# #..#
#..# ####
#..# #⌠⌠#
####


There were no monsters in sight!

Vanquished Creatures
  An ogre (D)
  Ijyb (D)
2 creatures vanquished.

Notes
Turn   | Place    | Note
-------+----------+-------------------------------------------
     0 | D        | MollyMolluskus the Octopode Fighter began the quest for the
                  | Orb.
     0 | D        | Reached XP level 1. HP: 16/16 MP: 1/1
     1 | D        | Noticed Ijyb
    16 | D        | Killed Ijyb
    17 | D        | Reached XP level 2. HP: 21/23 MP: 2/2
    17 | D        | Reached XP level 3. HP: 24/27 MP: 3/3
    28 | D        | Noticed an ogre
    31 | D        | Killed an ogre
    32 | D        | Reached skill level 5 in Fighting
    32 | D        | Reached skill level 5 in Dodging
    32 | D        | Reached skill level 5 in Shields
    32 | D        | Reached XP level 4. HP: 36/36 MP: 4/4
    66 | D        | Noticed Sigmund
    90 | D        | Killed from afar by Sigmund

Illustrated notes

Levels and vault maps discovered:
D:        dungeon_sprint_1 [red_sonja_temple_1, red_sonja_temple_small_1]

Skill      XL: |  1  2  3 |
---------------+----------+-----
Fighting       | 4 5 |  5.9
Dodging        | 4 5 |  5.9
Shields        | 4 5 |  5.7
Unarmed Combat | 3 |  3.1

Action                     |  1- 3 |  4- 6 || total
---------------------------+-------+-------++-------
  Melee: Unarmed           |     7 |    11 ||    18
         Tentacles         |     3 |     1 ||     4
         Constrict         |     1 |       ||     1
    Use: Potion            |     3 |       ||     3
 Armour: Skin              |     5 |     6 ||    11
  Dodge: Dodged            |     3 |     7 ||    10
  Block: Buckler           |     1 |     1 ||     2

Table legend: (Time is in decaauts)
 A = Elapsed time spent in this place.
 B = Non-inter-level travel time spent in this place.
 C = Inter-level travel time spent in this place.
 D = Time resting spent in this place.
 E = Time spent auto-exploring this place.
 F = Levels seen in this place.
 G = Mean time per level.
                   A        B        C        D        E       F      G
               +--------+--------+--------+--------+--------+-----+--------+
         Total |     98 |     98 |      0 |     38 |     14 |   1 |   98.0 |
       Dungeon |     98 |     98 |      0 |     38 |     14 |   1 |   98.0 |
               +--------+--------+--------+--------+--------+-----+--------+

Top non-repeatable levels by time:
       D: 98 daAuts
